Map: Ever Dream LE

Players

liquidthermy (uThermal) - Winner!

  • Race: Terran Terran
  • Spawn Location: 1:00

Geralt (Gerald)

  • Race: Protoss Protoss
  • League: Grandmaster
  • Spawn Location: 7:00

Event: DreamHack SC2 Masters 2020 Summer Europe

VOD

Have the link to the VOD?

Description

Time

  • Played on: June 27, 2020, 1:25 p.m.
  • Length: 7:35

All games in this series

Show
View Real Time Build Order
Export as new Build Order

liquidthermy Terran - Winner!

Build Orders: Reaper Expand 

Get SALT Encoding   

  12  0:01  SCV  
  13  0:13  SCV  
  14  0:17  Supply Depot  
  14  0:25  SCV  
  15  0:39  SCV  
  15  0:40  Barracks  
  16  0:43  Refinery  
  16  0:51  SCV  
  17  1:03  SCV  
  18  1:15  SCV  
  19  1:27  Orbital Command, Reaper  
  20  1:40  Command Center  
  20  1:46  Supply Depot  
  20  1:53  SCV  
  21  1:59  Barracks Reactor  
  21  2:05  SCV  
  22  2:13  Bunker  
  22  2:17  SCV  
  22  2:20  Factory  
  23  2:23  Refinery  
  23  2:29  SCV  
  24  2:36  Marine x2  
  26  2:41  SCV  
  27  2:53  SCV  
  27  2:54  Marine x2  
  27  2:55  Orbital Command  
  30  3:05  Starport, SCV  
  30  3:06  Widow Mine  
  30  3:12  Marine x2  
  34  3:17  SCV  
  35  3:20  SCV  
  36  3:27  Widow Mine  
  36  3:29  Marine, SCV  
  36  3:30  Supply Depot, Marine  
  36  3:32  SCV  
  42  3:42  SCV, Viking  
  42  3:44  SCV  
  46  3:51  Marine x2  
  46  3:52  Widow Mine  
  46  3:54  SCV  
  50  4:03  Barracks  
  50  4:07  SCV, Barracks  
  51  4:13  Supply Depot  
  51  4:14  Starport Tech Lab, Factory Tech Lab  
  51  4:16  SCV  
  52  4:20  SCV  
  52  4:21  Supply Depot, Engineering Bay  
  52  4:23  Marine  
  54  4:33  Refinery  
  54  4:34  Marine, SCV x2  
  57  4:43  Marine  
  58  4:45  Factory Reactor  
  58  4:46  Starport Reactor, SCV x2  
  58  4:47  Terran Infantry Weapons Level 1  
  58  4:52  Supply Depot, Marine  
  61  4:58  SCV  
  62  5:00  Marine  
  62  5:01  Stimpack, Marauder  
  62  5:02  Marauder  
  62  5:03  SCV  
  68  5:08  Supply Depot  
  68  5:09  Marine  
  68  5:10  Combat Shield  
  68  5:11  SCV  
  70  5:15  Supply Depot, SCV  
  71  5:22  Marine  
  71  5:23  Marauder x2  
  71  5:27  Marine  
  77  5:31  SCV  
  77  5:32  Widow Mine x2, Medivac  
  81  5:39  SCV  
  81  5:40  Medivac  
  82  5:43  SCV  
  82  5:48  Marauder x2, Marine  
  88  5:51  SCV  
  88  5:54  Supply Depot, Widow Mine  
  88  5:56  Widow Mine  
  93  6:00  Supply Depot, Marine  
  94  6:15  Marine, Medivac  
  94  6:16  Marauder, Widow Mine  
  94  6:17  Refinery  
  94  6:18  Marine  
  101  6:22  Marauder, Widow Mine  
  101  6:25  Supply Depot  
  106  6:29  Concussive Shells  
  106  6:33  Marine  
  106  6:36  Command Center  
  106  6:37  Marauder  
  106  6:38  Marine, Widow Mine  
  108  6:50  Barracks x2  
  108  6:53  Marine x2  
  110  6:55  SCV  
  110  6:56  SCV  
  110  7:00  Marine  
  113  7:07  Marine  
  107  7:12  Marauder  
Show
View Real Time Build Order
Export as new Build Order

Geralt Protoss 

Build Orders: 1 Gate Expand, Phoenix Opening 

Get SALT Encoding   

  12  0:00  Probe  
  13  0:12  Probe  
  14  0:17  Pylon  
  14  0:23  Probe  
  15  0:31  Probe  
  16  0:37  Gateway  
  16  0:39  Probe  
  16  0:46  Assimilator  
  17  0:51  Probe  
  18  1:03  Probe  
  19  1:15  Probe  
  20  1:24  Cybernetics Core  
  20  1:27  Probe  
  21  1:36  Nexus  
  21  1:40  Probe  
  21  1:46  Pylon  
  22  1:52  Probe  
  23  1:54  Adept  
  23  1:56  Assimilator  
  23  2:05  Probe  
  25  2:17  Adept, Probe  
  25  2:21  Stargate  
  28  2:36  Probe  
  29  2:41  Warp Gate  
  29  2:52  Probe  
  29  2:54  Probe  
  31  3:04  Phoenix  
  31  3:05  Probe  
  32  3:07  Twilight Council, Probe  
  35  3:17  Probe  
  35  3:19  Probe  
  37  3:24  Gateway, Phoenix  
  37  3:29  Probe  
  37  3:30  Assimilator  
  37  3:31  Probe  
  41  3:40  Gateway  
  41  3:41  Probe  
  41  3:43  Probe  
  43  3:53  Phoenix  
  45  3:57  Charge, Probe  
  45  4:02  Pylon  
  46  4:06  Probe  
  45  4:12  Phoenix  
  45  4:14  Pylon  
  45  4:18  Probe  
  48  4:30  Nexus  
  48  4:31  Pylon  
  48  4:33  Probe  
  48  4:34  Probe  
  48  4:37  Phoenix  
  52  4:46  Probe  
  52  4:47  Forge  
  52  4:52  Probe  
  54  4:58  Probe  
  55  5:04  Probe  
  55  5:05  Gateway  
  56  5:09  Gateway, Robotics Facility  
  56  5:10  Probe  
  57  5:16  Probe  
  57  5:19  Zealot x3  
  60  5:31  Probe  
  60  5:32  Probe  
  62  5:43  Zealot x3, Probe  
  62  5:44  Probe x2  
  71  5:50  Templar Archives  
  71  5:55  Probe  
  71  5:56  Probe  
  74  5:57  Probe  
  74  5:58  Observer  
  74  6:02  Shield Battery  
  74  6:03  Phoenix  
  75  6:07  Probe  
  75  6:10  Probe  
  77  6:13  Probe  
  77  6:14  Zealot x2  
  77  6:17  Assimilator, Pylon  
  84  6:21  Pylon  
  84  6:23  Assimilator  
  84  6:33  Immortal  
  86  6:40  Zealot x4  
  86  6:41  Zealot  
  97  6:57  Pylon  
  97  6:59  Pylon  
  97  7:00  Zealot x2  
  98  7:05  Zealot x2  
  72  7:18  Zealot  
  54  7:28  Zealot x2, Pylon  
Tags
 
Add a new tag
Caveats
  • Supply blocks, unpowered buildings, or Contaminate may cause inaccurate times.
  • Supply counts are checked every 10 seconds.